 Dungeon Crawl Stone Soup version 0.24-a0-244-ga6a6ab7 (console) character file.

Game seed: 4842071533855881212

293040 utis the Warrior (level 21, -1/141 HPs)
             Began as a Tengu Warper on Apr 11, 2019.
             Slain by a spark wasp (5 damage)
             ... on level 1 of the Depths.
             The game lasted 04:02:06 (65181 turns).

utis the Warrior (Tengu Warper)                    Turns: 65181, Time: 04:02:07

Health: -1/141     AC: 31    Str: 24    XL:     21   Next: 20%
Magic:  23/31      EV: 26    Int: 11    God:
Gold:   564        SH:  0    Dex: 22    Spells: 12/30 levels left

rFire    . . .     SeeInvis +   a - +4 lajatang (speed)
rCold    . . .     Gourm    .   (shield currently unavailable)
rNeg     . . .     Faith    .   T - +7 plate armour of Irephism {rElec Int-4 Dex+5}
rPois    +         Spirit   .   r - +0 hat of the Beginning {Str+4 Dex+3}
rElec    +         Reflect  .   u - +1 cloak
rCorr    .         Harm     .   J - +2 pair of gloves
MR       ++...                  (boots unavailable)
Stlth    ..........             g - amulet "Goodes" {+Rage rPois Str+3 Dex-3 Slay+6}
HPRegen  0.33/turn              S - ring of Yvvakix {+Inv EV+2 SInv Stlth+}
MPRegen  0.22/turn              M - ring of protection from magic

@: flying quickly and evasively, quick
A: beak, talons 3, able to fly
}: 1/15 runes: gossamer
a: Stop Flying, Evoke Berserk Rage, Evoke Invisibility


You were on level 1 of the Depths.
You were hungry.

You visited 6 branches of the dungeon, and saw 32 of its levels.
You also visited: Gauntlet.

You collected 3780 gold pieces.
You spent 3216 gold pieces at shops.

Inventory:

Hand Weapons
 a - a +4 lajatang of speed (weapon)
 c - a +0 blowgun {@w1}
Missiles
 e - 5 tomahawks of dispersal {=f}
 k - 16 curare-tipped needles {=f}
 l - 5 javelins (quivered)
 s - 4 throwing nets {=f}
 B - 12 tomahawks
 L - 5 needles of confusion
Armour
 r - the +0 hat of the Beginning (worn) {Str+4 Dex+3}
   (You found it on level 13 of the Dungeon)

   It affects your strength (+4).
   It affects your dexterity (+3).
 u - a +1 cloak (worn)
 J - a +2 pair of gloves (worn)
 T - the +7 plate armour of Irephism (worn) {rElec Int-4 Dex+5}
   (You found it on level 11 of the Dungeon)

   It affects your intelligence (-4).
   It affects your dexterity (+5).
   It insulates you from electricity.
Magical Staves
 i - an uncursed staff of wizardry {!a}
Jewellery
 g - the amulet "Goodes" (around neck) {+Rage rPois Str+3 Dex-3 Slay+6}
   (You bought it in a shop on level 7 of the Dungeon)

   [amulet of rage]

   It affects your strength (+3).
   It affects your dexterity (-3).
   It affects your accuracy and damage with ranged weapons and melee attacks
   (+6).
   It protects you from poison.
   It lets you go berserk.
 v - an uncursed ring of see invisible
 F - an uncursed ring of fire
 M - a ring of protection from magic (right hand)
 N - an uncursed ring of positive energy
 S - the ring of Yvvakix (left hand) {+Inv EV+2 SInv Stlth+}
   (You bought it in a shop on level 7 of the Dungeon)

   [ring of evasion]

   It affects your evasion (+2).
   It lets you see invisible.
   It lets you turn invisible.
   It makes you more stealthy.
 Z - an uncursed ring of wizardry
Wands
 m - a wand of enslavement (19)
 o - a wand of digging (2)
 K - a wand of paralysis (9)
 O - a wand of iceblast (36)
 P - a wand of polymorph (33)
 V - a wand of disintegration (11) {@e1}
Scrolls
 d - 4 scrolls of blinking
 p - a scroll of vulnerability
 w - 11 scrolls of remove curse {@r2}
 y - a scroll of fog
 A - 3 scrolls of holy word
 G - 3 scrolls of teleportation {@r4}
 H - 2 scrolls of magic mapping
 R - 5 scrolls of identify {@r1}
 W - a scroll of silence {!r}
Potions
 b - a potion of invisibility
 h - 6 potions of brilliance
 j - 9 potions of ambrosia
 q - 10 potions of curing {@q1}
 z - 2 potions of resistance
 D - 3 potions of agility
 Q - 6 potions of cancellation
 X - 2 potions of magic
 Y - a potion of might
Miscellaneous
 n - a box of beasts
 C - a fan of gales
 E - a phial of floods
 U - a lightning rod (4/4)
Comestibles
 f - 38 rations {@e1}
 x - a chunk of flesh


   Skills:
 - Level 18.0 Fighting
   Level 4.0 Long Blades
   Level 2.0(9.5) Maces & Flails
 - Level 13.9(14.0) Staves
 - Level 4.0 Throwing
 + Level 17.9 Armour
 - Level 17.1 Dodging
 - Level 5.0 Spellcasting
 - Level 5.0 Charms
 - Level 8.0 Necromancy
 - Level 12.0 Translocations
 - Level 12.0 Evocations


You had 12 spell levels left.
You knew the following spells:

 Your Spells              Type           Power        Failure   Level  Hunger
c - Regeneration          Chrm/Necr      ###.......   28%         3    ###....
d - Passage of Golubria   Tloc           N/A          10%         4    ####...
g - Shroud of Golubria    Chrm/Tloc      ###.......   6%          2    ##.....
n - Animate Skeleton      Necr           N/A          4%          1    None
o - Teleport Other        Tloc           ####....     3%          3    ###....
v - Blink                 Tloc           N/A          1%          2    ##.....
Y - Lesser Beckoning      Tloc           ####......   3%          3    ###....

Your spell library contained the following spells:

 Spells                   Type           Power        Failure   Level  Hunger
 Gell's Gravitas          Tloc           ####......   3%          3    ###....
 Pain                     Necr           ###.         4%          1    None
 Vampiric Draining        Necr           ###.......   16%         3    ###....
 Animate Dead             Necr           N/A          45%         4    ####...
 Force Lance              Conj/Tloc      ###.....     75%         4    ####...
 Freeze                   Ice            #...         80%         1    None
 Magic Dart               Conj           #...         80%         1    None
 Ozocubu's Armour         Chrm/Ice       #.......     82%         3    ###....
 Searing Ray              Conj           #.....       90%         2    ##.....
 Throw Frost              Conj/Ice       #.....       90%         2    ##.....
 Dazzling Spray           Conj/Hex       #.....       99%         3    ###....
 Fulminant Prism          Conj/Hex       #.........   100%        4    ####...
 Iskenderun's Mystic Bla  Conj           #.......     100%        4    ####...
 Summon Ice Beast         Ice/Summ       #.......     100%        4    ####...
 Throw Icicle             Conj/Ice       #.......     100%        4    ####...
 Irradiate                Conj/Tmut      #.........   100%        5    ######.
 Hydra Form               Tmut           #.........   100%        6    #######
 Statue Form              Tmut/Erth      #........    100%        6    #######
 Dragon Form              Tmut           #.........   100%        7    #######


Dungeon Overview and Level Annotations

Branches:
Dungeon (15/15)            Temple (0/1) D:4            Lair (6/6) D:8
  Swamp (0/4) Lair:3       Spider (4/4) Lair:2        Slime (0/5) Lair:5
    Orc (2/2) D:11            Elf (0/3) Orc:2        Vaults (4/5) D:14
  Crypt (0/3) Vaults:3     Depths (1/5) D:15

Altars:
Dithmenos
Elyvilon
Makhleb
Nemelex Xobeh
Okawaru
Qazlal
Sif Muna
Trog
Uskayaw
Vehumet
Wu Jian
Xom
Yredelemnul
Zin
Beogh
Jiyva

Shops:
D:6 (   D:7 (===   D:10 (   D:13 *   D:15 *   Orc:2 [[[!   Vaults:3 ?

Portals:
Hell: Depths:1
Pandemonium: Depths:1

Annotations:
D:3 exclusion: downstairs
Vaults:2 3 runed translucent doors, tilp's ghost, adept DsCK


Innate Abilities, Weirdness & Mutations

You have a beak for a mouth.
You have claws for feet.
You can fly continuously.


Message History

As you read the scroll of fear, it crumbles to dust.
You assume a fearsome visage.
The spark wasp looks frightened! x2
The spark wasp easily resists.
The rakshasa is unaffected.
The spark wasp looks frightened! x4; The spark wasp closely misses you.
Unknown command.
The spark wasp stings you but does no damage.
You hear a snapping sound.
Cornered, the spark wasp turns to fight!
The spark wasp barely misses you.
There is a staircase back to the Dungeon, spattered with blood here.
You see here 2 bolts.
The spark wasp stings you!!
* * * LOW HITPOINT WARNING * * *
The spark wasp shocks you. You resist.
* * * LOW HITPOINT WARNING * * *
The spark wasp stings you but does no damage.
The spark wasp stings you!
* * * LOW HITPOINT WARNING * * *
The spark wasp shocks you. You resist.
You die...

░░░.░░➘..............
░....)...............
░...................§
░...➘................
░░░░░....➘.........≈§
░░.)..............≈≈
░..➘...............≈
░..y➘...............
░░░░░➘.Q÷.......➘.......
░░░░░░░░░░..░░░.Ry)..............
░.....[...[......................
░.░░░░░░†░............[..........
░.░▒▒▒▒▒)▒▒▒▒▒...................
░.▒▒...▒)▒...▒▒...........^......
░.▒...........▒..░.......y..░░...
░.▒..▓▓.°.▓▓..▒░░░░.........░░░░.
░.▒..▓▓...▓▓..▒░░░..........░.░░.


You could see a rakshasa and 2 spark wasps.

Vanquished Creatures
  Sojobo (Depths:1)
  Jorgrun (D:15)
  A tentacled monstrosity (Vaults:2)
  A lich (Depths:1)
  The ghost of Oferehae the Geomancer, a journeyman DgEE (Spider:4)
  2 sphinxes
  Frances (Spider:1)
  Agnes (Spider:1)
  3 tengu reavers
  Kirke (D:12)
  Roxanne (D:15)
  Donald (Spider:1)
  2 fire giants
  6 vault wardens
  3 ghost moths
  A frost giant (Vaults:3)
  A ghoul (Vaults:2)
  4 emperor scorpions (Spider:4)
  8 ironheart preservers
  7 stone giants
  A vampire knight (Vaults:3)
  10 very ugly things
  6 entropy weavers
  Azrael (Lair:2)
  A spark wasp (Spider:4)
  2 ettins (Vaults:4)
  Snorg (Orc:1)
  A crystal guardian (Vaults:3)
  2 deep elf death magi
  Josephine (D:11)
  2 fire dragons
  2 great orbs of eyes
  6 yaktaur captains
  2 rakshasas
  Harold (D:10)
  Fannar (D:11)
  4 ice dragons
  The ghost of TheOvate the Cleaver, a journeyman GrBe of Trog (Orc:2)
  12 vault guards
  9 centaur warriors
  7 hydras
  34 two-headed ogres
  Erica (D:11)
  9 ogre magi
  A deep troll shaman (Depths:1)
  4 death knights
  6 tengu warriors
  8 death yaks
  3 deep troll earth magi
  6 orc high priests (Orc:2)
  Urug (D:13)
  10 deep elf knights
  8 skeletal warriors
  A shadow wraith (Vaults:4)
  7 deep trolls
  A glowing orange brain (Vaults:4)
  A spark wasp zombie (Depths:1)
  5 unseen horrors
  10 harpies
  2 wizards (Vaults:2)
  5 ironbrand convokers
  43 ugly things
  14 orc knights
  A mana viper (shapeshifter) (Vaults:3)
  21 deep elf magi
  2 necromancers
  7 deep elf archers
  31 wolf spiders
  5 oklob plants
  14 orb spiders
  6 orc sorcerers
  A manticore (D:14)
  4 cyclopes
  2 salamanders (Depths:1)
  2 moths of wrath
  8 black mambas
  A guardian serpent (shapeshifter) (Depths:1)
  A guardian serpent (Lair:6)
  9 vault sentinels
  4 gargoyles
  10 spiny frogs
  2 kobold demonologists
  2 rime drakes (Lair:6)
  An efreet (D:14)
  28 yaktaurs
  7 komodo dragons
  13 demonic crawlers
  10 freezing wraiths
  5 trolls
  2 tengu conjurers
  2 polar bears
  A wind drake (shapeshifter) (Depths:1)
  Prince Ribbit (D:6)
  35 slime creatures
  13 hornets
  38 jumping spiders
  25 blink frogs
  8 hippogriffs
  3 bog bodies (Lair:3)
  A raiju (shapeshifter) (Vaults:1)
  A harpy skeleton (D:15)
  5 vampires
  Sigmund (D:4)
  An ice dragon skeleton (Depths:1)
  33 tarantellas
  64 yaks
  70 redbacks
  8 wraiths
  2 shadows (D:15)
  3 basilisks
  A water elemental (Depths:1)
  3 fire elementals (Lair:2)
  A golden eye (shapeshifter) (Vaults:2)
  3 hogs (D:12)
  11 wyverns
  5 vampire mosquitoes
  2 hungry ghosts
  2 human simulacra
  A harpy simulacrum (D:15)
  A swamp worm (Lair:3)
  13 wargs
  3 soldier ants
  A soldier ant (shapeshifter) (D:13)
  2 acid dragons
  20 water moccasins
  14 porcupines
  5 hell hounds
  An ice dragon simulacrum (Depths:1)
  A sky beast (D:11)
  35 orc warriors
  A sky beast (shapeshifter) (Vaults:3)
  3 black bears
  A necrophage (D:7)
  2 ice beasts
  5 phantoms
  36 ogres
  3 wolves (Lair:1)
  17 centaurs
  9 crocodiles
  A big kobold (D:11)
  22 bullfrogs
  A wyvern zombie (D:6)
  2 earth elementals (D:15)
  6 scorpions
  3 wyvern skeletons
  9 killer bees
  An electric eel (Lair:3)
  8 wights
  8 howler monkeys
  12 crimson imps
  A lava snake (Lair:5)
  3 quasits
  3 bullfrog zombies
  4 hounds
  39 orc priests
  A gnoll shaman (D:4)
  11 jellies
  3 bullfrog skeletons
  3 centaur skeletons
  6 centaur zombies
  4 iguanas
  A hell rat (D:8)
  5 worker ants
  30 orc wizards
  2 hound zombies (D:6)
  A hound skeleton (D:5)
  3 worker ant zombies
  A howler monkey zombie (D:6)
  13 gnolls
  15 adders
  4 shadow imps
  14 oozes
  5 adder skeletons
  An adder zombie (D:6)
  5 worms
  3 dart slugs
  6 leopard geckos
  97 orcs
  5 giant cockroaches
  11 goblins
  8 hobgoblins
  26 jackals
  12 kobolds
  3 quokkas
  A ball python (D:1)
  A ball python skeleton (D:4)
  12 bats
  5 frilled lizards
  A giant cockroach zombie (D:6)
  A jackal skeleton (D:6)
  A jackal zombie (D:5)
  A leopard gecko skeleton (D:4)
  A leopard gecko zombie (D:7)
  2 quokka skeletons
  2 quokka zombies (D:6)
  12 rats
  A plant (Lair:4)
1479 creatures vanquished.

Vanquished Creatures (collateral kills)
  A jelly (Lair:1)
  An ooze (Lair:1)
2 creatures vanquished.

Vanquished Creatures (others)
  A redback (Spider:4)
  2 orc wizards
  A quokka (D:11)
  16 fungi
  11 plants
31 creatures vanquished.

Grand Total: 1512 creatures vanquished

Notes
Turn   | Place    | Note
-------+----------+-------------------------------------------
     0 | D:1      | utis the Tengu Warper began the quest for the Orb.
     0 | D:1      | Reached XP level 1. HP: 12/12 MP: 4/4
    61 | D:1      | Reached XP level 2. HP: 17/17 MP: 6/6
    67 | D:1      | Learned a level 2 spell: Blink
    70 | D:1      | Learned a level 2 spell: Shroud of Golubria
   563 | D:1      | Reached XP level 3. HP: 21/21 MP: 7/7
  1629 | D:2      | Reached XP level 4. HP: 22/26 MP: 8/8
  1982 | D:2      | Found an ornate altar of the Wu Jian Council.
  2464 | D:2      | Gained mutation: You can fly continuously. [Tengu growth]
  2464 | D:2      | Reached XP level 5. HP: 28/30 MP: 5/9
  2808 | D:3      | Learned a level 3 spell: Teleport Other
  3081 | D:3      | Found a hide-covered altar of Uskayaw.
  4148 | D:3      | Found a burning altar of Makhleb.
  4235 | D:4      | Reached XP level 6. HP: 34/35 MP: 10/10
  4238 | D:4      | Reached skill level 1 in Maces & Flails
  4247 | D:3      | Reached skill level 5 in Dodging
  4616 | D:4      | Noticed Sigmund
  4845 | D:4      | Found a sparkling altar of Nemelex Xobeh.
  4988 | D:3      | Reached skill level 3 in Fighting
  4988 | D:3      | Reached XP level 7. HP: 39/41 MP: 11/11
  5163 | D:4      | Killed Sigmund
  5163 | D:4      | Reached skill level 1 in Charms
  5451 | D:4      | Found a sparkling altar of Nemelex Xobeh.
  5476 | D:4      | Found a staircase to the Ecumenical Temple.
  5786 | D:5      | Entered Level 5 of the Dungeon
  5794 | D:5      | Learned a level 3 spell: Lesser Beckoning
  5913 | D:5      | Reached XP level 8. HP: 36/46 MP: 7/12
  6060 | D:5      | Found a radiant altar of Vehumet.
  6062 | D:5      | Found a stormy altar of Qazlal.
  6064 | D:5      | Found a bloodstained altar of Trog.
  6155 | D:5      | Found an iron altar of Okawaru.
  6277 | D:5      | great
  7231 | D:6      | Reached skill level 4 in Fighting
  7862 | D:6      | Found Reig's Antique Weapon Emporium.
  7983 | D:6      | Noticed Prince Ribbit
  8047 | D:6      | Killed Prince Ribbit
  8047 | D:6      | Reached skill level 5 in Fighting
  8047 | D:6      | Reached XP level 9. HP: 32/54 MP: 11/13
  8471 | D:7      | Found Vegaizae's Jewellery Shoppe.
  8540 | D:6      | Bought a glowing falchion for 174 gold pieces
  8541 | D:6      | Bought a runed short sword for 174 gold pieces
  8985 | D:7      | Found Muusent's Jewellery Boutique.
  8996 | D:7      | Found Adoidun's Antique Weapon Emporium.
  9010 | D:7      | Noticed a two-headed ogre
  9613 | D:7      | Reached skill level 6 in Fighting
  9613 | D:7      | Reached skill level 5 in Armour
  9636 | D:7      | Learned a level 4 spell: Passage of Golubria
 10261 | D:7      | Killed a two-headed ogre
 10261 | D:7      | Reached skill level 7 in Fighting
 10261 | D:7      | Reached XP level 10. HP: 27/63 MP: 15/15
 10473 | D:7      | Reached skill level 1 in Staves
 10645 | D:7      | Found Joer's Jewellery Shop.
 10830 | D:8      | Found a staircase to the Lair.
 10830 | D:8      | Noticed a death yak
 11206 | D:8      | Noticed a death yak
 11206 | D:8      | Noticed a death yak
 11514 | D:8      | Found a glowing silver altar of Zin.
 11514 | D:8      | Found a shimmering altar of Xom.
 11543 | D:8      | Found a deep blue altar of Sif Muna.
 11544 | D:8      | Found a basalt altar of Yredelemnul.
 11559 | D:8      | Reached skill level 5 in Staves
 11715 | D:8      | Found a shadowy altar of Dithmenos.
 12246 | D:8      | Killed a death yak
 12246 | D:8      | Reached skill level 10 in Dodging
 12442 | D:8      | Killed a death yak
 12837 | D:8      | Found a staircase to the Lair.
 12893 | D:8      | Found a shadowy altar of Dithmenos.
 12998 | D:8      | Found a glowing silver altar of Zin.
 12998 | D:8      | Found a deep blue altar of Sif Muna.
 12999 | D:8      | Found a shimmering altar of Xom.
 12999 | D:8      | Found a basalt altar of Yredelemnul.
 13537 | D:8      | Found a staircase to the Lair.
 13714 | D:8      | Found a glowing silver altar of Zin.
 13714 | D:8      | Found a deep blue altar of Sif Muna.
 13715 | D:8      | Found a shimmering altar of Xom.
 13715 | D:8      | Found a basalt altar of Yredelemnul.
 13824 | D:8      | Found a shadowy altar of Dithmenos.
 14070 | D:7      | Found Muusent's Jewellery Boutique.
 14085 | D:7      | Found Adoidun's Antique Weapon Emporium.
 14807 | D:7      | Killed a death yak
 14807 | D:7      | Reached XP level 11. HP: 55/67 MP: 14/16
 15431 | D:9      | Reached skill level 10 in Staves
 16136 | D:7      | Bought a cursed amulet of inaccuracy for 26 gold pieces
 16136 | D:7      | Bought a cursed ring of teleportation for 58 gold pieces
 16136 | D:7      | Bought a cursed ring of attention for 58 gold pieces
 16192 | D:10     | Entered Level 10 of the Dungeon
 16210 | D:9      | Reached skill level 8 in Fighting
 16890 | D:10     | Found a stormy altar of Qazlal.
 17026 | D:10     | Found Axerr's Antique Weapon Boutique.
 17512 | D:11     | Noticed a cyan ugly thing
 17540 | D:11     | Killed a cyan ugly thing
 17749 | D:11     | Found a white marble altar of Elyvilon.
 17961 | D:11     | Noticed Harold
 17961 | D:11     | Noticed a brown ugly thing
 17987 | D:10     | Killed Harold
 17987 | D:10     | Reached skill level 9 in Fighting
 18064 | D:11     | Noticed Fannar
 18205 | D:11     | Killed Fannar
 18205 | D:11     | Reached XP level 12. HP: 57/76 MP: 17/17
 18350 | D:11     | Got a smelly plate armour
 18370 | D:11     | Identified the +7 plate armour of Irephism {rElec Int-4
                  | Dex+5} (You found it on level 11 of the Dungeon)
 18522 | D:11     | Found a staircase to the Orcish Mines.
 18598 | D:11     | Reached skill level 1 in Evocations
 18710 | D:11     | Noticed a two-headed ogre
 18716 | D:11     | Noticed Josephine
 18759 | D:11     | Killed Josephine
 18783 | D:11     | Reached skill level 10 in Fighting
 18787 | D:11     | Killed a two-headed ogre
 19077 | D:11     | my
 19412 | Lair:1   | Entered Level 1 of the Lair of Beasts
 19495 | Lair:1   | Noticed a six-headed hydra
 19514 | Lair:1   | Killed a six-headed hydra
 19584 | Lair:1   | Reached skill level 5 in Evocations
 19588 | Lair:1   | Got smelly quicksilver dragon scales
 19617 | Lair:1   | Identified the cursed quicksilver dragon scales "Dikkiol"
                  | {rC+++ MR+ Str+3 Int-4} (You found it on level 1 of the
                  | Lair of Beasts)
 19628 | Lair:1   | sigh
 20058 | Lair:1   | Reached skill level 10 in Armour
 20164 | Lair:1   | Got a shimmering whip
 20165 | Lair:1   | Identified the cursed +3 whip of Harmony {slash, Dex+3}
                  | (You found it on level 1 of the Lair of Beasts)
 20957 | Lair:2   | Found a hole to the Spider Nest.
 21149 | Lair:2   | Reached XP level 13. HP: 63/82 MP: 18/18
 21345 | Lair:2   | Reached skill level 5 in Translocations
 22716 | Lair:3   | You are sucked into a shaft for 3 floors!
 22716 | Lair:6   | Entered Level 6 of the Lair of Beasts
 23259 | Lair:6   | Paralysed by a hornet for 3 turns
 23429 | Lair:5   | Paralysed by a hornet for 3 turns
 23493 | Lair:5   | gaaaaaaaaaaaaaaaaaaaaaaaaaaaaaaaqaah!!!!!!!!!!!!!!!!!!!!!!!
 23763 | Lair:5   | Found a gate leading to a gauntlet.
 23772 | Gauntlet | Entered a Gauntlet
 23772 | Gauntlet | Found a transporter.
 23772 | Gauntlet | Found a transporter.
 23778 | Gauntlet | Found a transporter.
 23798 | Gauntlet | Found a transporter.
 23807 | Gauntlet | Noticed a death ooze
 23808 | Gauntlet | Found a transporter.
 23811 | Gauntlet | Found a transporter.
 23887 | Gauntlet | Found a transporter.
 23890 | Gauntlet | Found a transporter.
 24074 | Lair:5   | Found a staircase to the Slime Pits.
 24074 | Lair:5   | Found a viscous altar of Jiyva.
 24754 | Lair:6   | Reached skill level 11 in Fighting
 25613 | Lair:6   | Reached XP level 14. HP: 90/90 MP: 19/19
 26562 | Lair:4   | gasaaaaaaaaa
                  | ERROR: string above had unterminated tag
 26562 | Lair:4   | Die!
 26803 | D:10     | Bought a runed lajatang for 540 gold pieces
 26804 | D:10     | ooookay!
 27311 | Lair:3   | Found a staircase to the Swamp.
 27784 | Lair:4   | Reached skill level 12 in Fighting
 29028 | Orc:1    | Entered Level 1 of the Orcish Mines
 29341 | Orc:1    | Noticed a stone giant
 29341 | Orc:1    | Noticed Snorg
 29402 | D:11     | Noticed Erica
 29411 | D:11     | Killed Erica
 29556 | Orc:1    | Killed a stone giant
 29688 | Orc:1    | Killed Snorg
 29836 | Orc:2    | Entered Level 2 of the Orcish Mines
 30256 | Orc:2    | Reached skill level 10 in Translocations
 30413 | Orc:2    | Found Tatitsy's Armour Shoppe.
 30413 | Orc:2    | Found Watech's Distillery.
 30433 | Orc:2    | Found a staircase to the Elven Halls.
 30651 | Orc:2    | Found a roughly hewn altar of Beogh.
 30706 | Orc:2    | Reached XP level 15. HP: 94/97 MP: 20/20
 30787 | Orc:2    | Found Susche Uph's Armour Shoppe.
 30787 | Orc:2    | Found Awu Ymmo's Armour Boutique.
 31084 | Orc:2    | Found a runed translucent door.
 31232 | Orc:2    | Noticed TheOvate's ghost (journeyman GrBe)
 31249 | Orc:2    | Killed TheOvate's ghost
 31260 | Orc:2    | hmmmm
 31598 | D:7      | Bought the amulet "Goodes" {+Rage rPois Str+3 Dex-3 Slay+6}
                  | for 1069 gold pieces
 31676 | Spider:1 | Entered Level 1 of the Spider Nest
 31787 | Lair:2   | Reached skill level 13 in Fighting
 32174 | Lair:2   | Learned a level 3 spell: Regeneration
 32175 | Spider:1 | Noticed Azrael
 32194 | Lair:2   | Killed Azrael
 32368 | Spider:1 | Noticed Frances
 33004 | Spider:1 | Killed Frances
 33125 | Spider:1 | Noticed Donald
 33141 | Spider:1 | Killed Donald
 33781 | Spider:1 | Noticed Agnes
 33793 | Spider:1 | Killed Agnes
 33799 | Spider:1 | my
 35384 | D:7      | Bought a crystal quarterstaff for 243 gold pieces
 35384 | D:7      | Identified the +1 quarterstaff of Fedhas's Hatred {venom,
                  | Str+2} (You bought it in a shop on level 7 of the Dungeon)
 35549 | Spider:2 | Reached skill level 14 in Fighting
 37322 | Spider:3 | Killed a ghost moth
 37899 | Spider:4 | Entered Level 4 of the Spider Nest
 37907 | Spider:3 | Reached XP level 16. HP: 106/106 MP: 16/21
 38206 | Spider:3 | Reached skill level 1 in Necromancy
 39135 | Spider:4 | Found a runed translucent gate.
 39135 | Spider:4 | Found a runed translucent gate.
 39135 | Spider:4 | Found a runed translucent gate.
 39388 | Spider:4 | shhh
 40080 | Spider:4 | Noticed Oferehae's ghost (journeyman DgEE)
 41936 | Spider:4 | Got a gossamer rune of Zot
 42743 | Spider:4 | Killed Oferehae's ghost
 42804 | Spider:4 | Identified the cursed +0 pair of boots "Lyicvure" {*Corrode
                  | rElec Regen+ Int+5} (You found it on level 4 of the Spider
                  | Nest)
 42807 | Spider:4 | Learned a level 1 spell: Animate Skeleton
 43483 | D:12     | Reached XP level 17. HP: 112/112 MP: 25/25
 43512 | D:12     | Reached skill level 5 in Spellcasting
 43578 | D:12     | You are sucked into a shaft for 2 floors!
 43578 | D:14     | Found an iron altar of Okawaru.
 43590 | D:13     | Found Voeblaonk's Assorted Antiques.
 43841 | D:13     | Noticed Urug
 43852 | D:13     | Killed Urug
 43852 | D:13     | Reached skill level 5 in Necromancy
 43952 | D:13     | Reached skill level 5 in Charms
 44944 | D:12     | Noticed Kirke
 45347 | D:12     | You are sucked into a shaft for 3 floors!
 45347 | D:15     | Entered Level 15 of the Dungeon
 45495 | D:14     | Found a gate to the Vaults.
 45888 | D:12     | Killed Kirke
 47025 | D:14     | You are sucked into a shaft!
 47091 | D:15     | Noticed Roxanne
 47106 | D:15     | Reached skill level 15 in Fighting
 47514 | D:15     | Noticed Jorgrun
 47929 | D:15     | Killed Jorgrun
 48498 | D:15     | oops
 48978 | D:15     | Found Huwazxouxu's Pet Rocks.
 49076 | D:15     | Found a staircase to the Depths.
 49240 | Vaults:1 | Entered Level 1 of the Vaults
 49795 | Vaults:1 | Reached XP level 18. HP: 66/119 MP: 26/26
 51602 | D:13     | Bought a scroll of identify for 42 gold pieces
 51603 | D:13     | Bought an ichor-stained scale mail for 189 gold pieces
 51613 | D:13     | Identified the +1 scale mail of Disaster {rElec rC+ Regen+}
                  | (You bought it in a shop on level 13 of the Dungeon)
 53025 | Vaults:2 | Reached skill level 16 in Fighting
 53031 | Vaults:2 | Reached skill level 15 in Dodging
 53506 | Vaults:2 | Reached skill level 10 in Evocations
 53584 | Vaults:2 | Found a runed translucent gate.
 53585 | Vaults:2 | Found a runed translucent gate.
 53585 | Vaults:2 | Found a runed translucent gate.
 53586 | Vaults:2 | Noticed tilp's ghost (adept DsCK)
 55440 | D:13     | Got a shimmering hat
 55446 | D:13     | Identified the +0 hat of the Beginning {Str+4 Dex+3} (You
                  | found it on level 13 of the Dungeon)
 55446 | D:13     | hmnph
 56285 | Vaults:2 | Reached XP level 19. HP: 121/125 MP: 28/28
 56380 | Vaults:2 | Noticed a tentacled monstrosity
 56392 | Vaults:2 | Killed a tentacled monstrosity
 58238 | Vaults:3 | Reached skill level 17 in Fighting
 59542 | Vaults:3 | Found Bomez's Magic Scroll Emporium.
 59545 | Vaults:3 | Bought a scroll of teleportation for 42 gold pieces
 59819 | Vaults:3 | Found a staircase to the Crypt.
 60163 | Vaults:4 | Reached skill level 15 in Armour
 60269 | Vaults:4 | Reached XP level 20. HP: 134/134 MP: 30/30
 61180 | Vaults:4 | Reached skill level 18 in Fighting
 62342 | Vaults:3 | Bought a scroll of enchant weapon for 105 gold pieces
 62673 | D:7      | Bought the ring of Yvvakix {+Inv EV+2 SInv Stlth+} for 496
                  | gold pieces
 62983 | D:15     | Killed Roxanne
 63060 | Depths:1 | Entered Level 1 of the Depths
 63955 | Depths:1 | Found a one-way gate leading to the halls of Pandemonium.
 64591 | Depths:1 | Found a gateway to Hell.
 64709 | Depths:1 | Reached XP level 21. HP: 141/141 MP: 31/31
 64772 | Depths:1 | Noticed Sojobo
 64970 | Depths:1 | Killed Sojobo
 65181 | Depths:1 | HP: 4/141 [spark wasp (11)]
 65181 | Depths:1 | Slain by a spark wasp

Levels and vault maps discovered:
D:1:      dpeg_arrival_arbitrary_c, layout_basic, hex_medium
D:2:      layout_rooms, marbit_many_paths, cheibrodos_gnoll_hut
D:3:      layout_basic, lightli_temple_of_fire, eat_drink_and_be_merry_uskayaw,
          first_ration
D:4:      layout_cave_pools, nemelex_xobeh_ov_fountains_minmay,
          minmay_temple_entry_glass, nemelex_diamond_rough_becter, uniq_sigmund
D:5:      layout_basic, nicolae_overflow_quartered_altars
D:6:      layout_rooms, serial_shops, kennysheep_mini_moat, serial_undead,
          serial_undead_a, serial_undead_f, serial_undead_b, serial_undead_c,
          uniq_prince_ribbit1
D:7:      layout_basic, serial_shops, kennysheep_little_box, kennysheep_mini,
          nicolae_shop_trees, nicolae_shop_stone, palyth_stone_intersect,
          minmay_manual_maat
D:8:      layout_basic, grunt_dithmenos_shadows,
          chequers_temple_overflow_statue_of_worship, dpeg_lair_monsters
D:9:      layout_long_grid
D:10:     layout_long_grid, serial_shops, nicolae_shop_overgrown_old_shop,
          nicolae_qazlal_style_of_elements
D:11:     layout_loops_ring, orc_0_dummy, basic_altar, uniq_harold, uniq_fannar,
          uniq_erica, uniq_josephine
D:12:     layout_basic, uniq_kirke
D:13:     layout_stronghold, serial_shops, shop, minivault_12, uniq_urug
D:14:     layout_rooms, erik_vaults_2, basic_altar, grunt_tengu_nest
D:15:     grunt_enter_depths_hoard, layout_loops_corners, minmay_misc_feat_iff,
          guppyfry_shop_earth, uniq_jorgrun, uniq_roxanne
Lair:1:   lemuel_slime, layout_regular_city, grunt_megastairs_4
Lair:2:   layout_cave_pods, spider_nest_entry_webs
Lair:3:   layout_concentric_octagons, nicolae_swamp_entry_splash_gauntlet
Lair:4:   layout_cave_shapes, minmay_lair_oklob_chamber, lemuel_fruit_fields
Lair:5:   layout_gridlike, slime_altar_1, gauntlet_entry_generic
Lair:6:   hangedman_lair_tendril_chambers, layout_hall_layers,
          patterned_corridor
Spider:1: layout_spider_delve, uniq_azrael, uniq_frances, uniq_agnes,
          uniq_donald
Spider:2: layout_chambers
Spider:3: layout_spider_delve, nicolae_spider_circle_web
Spider:4: grunt_spider_rune_parallel, gammafunk_ghost_tricky_traps
Orc:1:    layout_caves, uniq_snorg
Orc:2:    st_orc_town, layout_caves, ebering_ghost_reflecting_pool,
          nicolae_orc_tapped_out
Vaults:1: vaults_dpeg_ring, hangedman_vaults_capsules,
          ontoclasm_vaults_decontamination, vaults_dpeg_hooks,
          nicolae_vaults_little_squares_3, nicolae_vaults_little_squares_6,
          vaults_mumra_chevron, nicolae_vaults_theta, ontoclasm_vaults_ligature,
          layout_vaults_quadrants
Vaults:2: gammafunk_vaults_ghost_necromancy, v_alt_pattern_6,
          vaults_dpeg_encased_lava, nicolae_vaults_network_quinsquares
          [nicolae_vaults_network_quincunx_subvault,
          nicolae_vaults_network_quincunx_subvault,
          nicolae_vaults_network_quincunx_subvault,
          nicolae_vaults_network_quincunx_subvault], vaults_dpeg_spiral,
          v_misc_10, v_misc_23, ontoclasm_vaults_tryst, vaults_room_fours,
          v_misc_19, nicolae_vaults_fighting_squares, v_misc_13,
          hangedman_vaults_locks, vaults_room_semicircle, layout_vaults_omnibox
Vaults:3: v_misc_12, minmay_crypt_entry_vampire_xt,
          nicolae_vaults_know_your_exits, v_misc_23, v_rooms_4, v_misc_4,
          nicolae_vaults_alarming, vaults_dpeg_cross, layout_vaults_big_room,
          serial_shops, nicolae_shop_behind_doors
Vaults:4: ontoclasm_vaults_pinch, v_misc_29, hangedman_vaults_variations,
          v_misc_26, ontoclasm_vaults_claustrophobia,
          nicolae_vaults_little_squares_5, nicolae_vaults_holding_cells,
          vaults_room_corners, hangedman_vaults_river_flow,
          nicolae_vaults_little_squares_4, hangedman_vaults_corner_blocks,
          vaults_room_door_hall, layout_vaults_maze_bifur
Depths:1: layout_cave_pools, pf_vacation_house_of_asmodeus, pan_entry,
          serial_bayou_shore_b, serial_bayou_shore_a, uniq_sojobo
Gauntlet: minmay_gauntlet_mixed_big_or_small [gammafunk_gauntlet_arena_crates,
          minmay_gauntlet_arena_77_terracotta_army,
          nicolae_gauntlet_arena_t_cross, minmay_gauntlet_arena_77_block_sizes,
          nicolae_gauntlet_arena_x, minmay_gauntlet_arena_77_fan,
          nicolae_gauntlet_exit_dead_adventurers]

Skill      XL: |  1  2  3  4  5  6  7  8  9 10 11 12 13 14 15 16 17 18 19 20 21 |
---------------+----------------------------------------------------------------+-----
Long Blades    | 3 4 |  4.0
Dodging        | 3 4 5 6 8 10 12 13 14 15 17 | 17.1
Maces & Flails | 2 |  2.0
Fighting       | 3 5 7 9 10 11 12 14 15 16 17 18 | 18.0
Charms         | 2 3 4 5 |  5.0
Translocations | 3 4 7 10 11 12 | 12.0
Armour         | 7 10 11 12 14 15 17 | 17.9
Spellcasting   | 3 4 5 |  5.0
Staves         | 9 12 13 | 13.9
Evocations     | 5 6 8 11 12 | 12.0
Throwing       | 2 4 |  4.0
Necromancy     | 4 7 8 |  8.0

Action                   |  1- 3 |  4- 6 |  7- 9 | 10-12 | 13-15 | 16-18 | 19-21 || total
-------------------------+-------+-------+-------+-------+-------+-------+-------++-------
Melee: Falchion          |    66 |   147 |       |       |       |       |       ||   213
       Kick              |    17 |    62 |    82 |   290 |   476 |   558 |   573 ||  2058
       Peck              |    10 |    39 |    64 |   197 |   326 |   353 |   336 ||  1325
       Whip              |       |   115 |   284 |   145 |    19 |    11 |       ||   574
       Lajatang          |       |       |       |   748 |  1257 |  1335 |  1012 ||  4352
       Unarmed           |       |       |       |       |       |    12 |       ||    12
       Demon trident     |       |       |       |       |       |     5 |       ||     5
 Fire: Hunting sling     |       |       |    22 |       |       |       |       ||    22
       Shortbow          |       |       |     5 |    10 |    21 |       |       ||    36
       Blowgun           |       |       |       |       |    29 |   133 |       ||   162
Throw: Stone             |    30 |    19 |    17 |    12 |       |       |       ||    78
       Tomahawk          |       |       |       |     1 |    15 |       |       ||    16
       Javelin           |       |       |       |       |    17 |    24 |    16 ||    57
 Cast: Shroud of Golubri |     2 |    28 |    49 |    80 |    10 |     3 |     1 ||   173
       Teleport Other    |       |       |       |     1 |       |       |       ||     1
       Blink             |       |       |       |       |    10 |    15 |    11 ||    36
       Passage of Golubr |       |       |       |       |       |       |     3 ||     3
 Abil: Fly               |       |     1 |       |       |       |       |       ||     1
Evoke: Phial of floods   |       |       |       |     1 |       |       |       ||     1
       Wand              |       |       |       |       |     7 |     1 |       ||     8
       Sack of spiders   |       |       |       |       |       |     1 |       ||     1
  Use: Scroll            |     2 |     4 |     7 |    11 |     8 |    11 |     7 ||    50
       Potion            |       |     2 |     1 |     5 |     5 |     3 |     4 ||    20
 Stab: Sleeping          |     1 |     1 |       |       |       |       |       ||     2
       Held in net/web   |       |       |       |       |     3 |     1 |       ||     4
  Eat: Chunk             |     2 |    15 |    14 |    34 |    36 |    38 |    22 ||   161
       Ration            |       |       |     2 |     2 |     5 |     5 |     2 ||    16
Armor: Leather armour    |    15 |     5 |       |       |       |       |       ||    20
       Ring mail         |       |    51 |    28 |       |       |       |       ||    79
       Scale mail        |       |       |    35 |   122 |       |       |       ||   157
       Plate armour      |       |       |       |   132 |   726 |   586 |   218 ||  1662
Dodge: Dodged            |    44 |   208 |   191 |   565 |   805 |   793 |   551 ||  3157
       Rpst.: Falchion   |    17 |    27 |       |       |       |       |       ||    44

Table legend:
 A = Non-vault XP
 B = Vault XP
 C = Vault XP percentage of total XP
 D = Non-vault monster count
 E = Vault monster count
 F = Vault count percentage of total count
                 A         B        C        D         E       F
            +---------+---------+-------+---------+---------+-------
      Total |  328682 |  183919 |  35.9 |    1089 |     392 |  26.5
            +---------+---------+-------+---------+---------+-------
        D:1 |      63 |       0 |   0.0 |      28 |       0 |   0.0
        D:2 |     118 |      23 |  16.3 |      30 |       4 |  11.8
        D:3 |     267 |       0 |   0.0 |      39 |       0 |   0.0
        D:4 |     315 |     231 |  42.3 |      17 |       1 |   5.6
        D:5 |     530 |       0 |   0.0 |      20 |       0 |   0.0
        D:6 |     485 |     541 |  52.7 |      10 |      13 |  56.5
        D:7 |    1455 |    2279 |  61.0 |      24 |       6 |  20.0
        D:8 |    1434 |    2462 |  63.2 |      24 |      10 |  29.4
        D:9 |    2135 |       0 |   0.0 |      29 |       0 |   0.0
       D:10 |    2239 |    1013 |  31.2 |      34 |       1 |   2.9
       D:11 |    7289 |    3838 |  34.5 |      46 |       7 |  13.2
       D:12 |    9932 |    2606 |  20.8 |      66 |       4 |   5.7
       D:13 |    6266 |    6138 |  49.5 |      24 |      12 |  33.3
       D:14 |   11977 |    8665 |  42.0 |      32 |       9 |  22.0
       D:15 |   21241 |    7521 |  26.1 |      46 |       7 |  13.2
     Lair:1 |    3010 |    2732 |  47.6 |      17 |      28 |  62.2
     Lair:2 |    8941 |    2647 |  22.8 |      37 |       9 |  19.6
     Lair:3 |    3514 |    1006 |  22.3 |      15 |       5 |  25.0
     Lair:4 |    4195 |    3852 |  47.9 |      22 |       7 |  24.1
     Lair:5 |    5487 |     659 |  10.7 |      21 |       3 |  12.5
     Lair:6 |    8630 |    8648 |  50.1 |      23 |      30 |  56.6
   Spider:1 |    4897 |    6470 |  56.9 |      14 |       4 |  22.2
   Spider:2 |   13426 |       0 |   0.0 |      43 |       0 |   0.0
   Spider:3 |   13379 |    2438 |  15.4 |      40 |       5 |  11.1
   Spider:4 |   13557 |   27910 |  67.3 |      29 |      59 |  67.0
      Orc:1 |    3796 |    1129 |  22.9 |      16 |       1 |   5.9
      Orc:2 |    2469 |    7857 |  76.1 |      32 |      57 |  64.0
   Vaults:1 |   23022 |    1006 |   4.2 |      61 |       6 |   9.0
   Vaults:2 |   41873 |   24951 |  37.3 |      81 |      32 |  28.3
   Vaults:3 |   36225 |   19516 |  35.0 |      69 |      27 |  28.1
   Vaults:4 |   36674 |   27822 |  43.1 |      48 |      42 |  46.7
   Depths:1 |   39841 |    9959 |  20.0 |      52 |       3 |   5.5
            +---------+---------+-------+---------+---------+-------
